 Dungeon Crawl Stone Soup version 0.29.0-4-gdea44cf6ec (webtiles) character file.

Game seed: 5123304185253231053

281 qw the Chopper (level 6, -19/35 HPs)
             Began as a Tengu Warper on Aug 29, 2022.
             Demolished by an ogre
             ... wielding a +0 giant club
              (29 damage)
             ... on level 4 of the Dungeon.
             The game lasted 00:00:22 (3892 turns).

qw the Chopper (Tengu Warper)                       Turns: 3892, Time: 00:00:23

Health: -19/35     AC: 10    Str: 14    XL:     6   Next: 27%
Magic:  10/10      EV:  7    Int: 13    God:
Gold:   190        SH:  4    Dex: 13    Spells: 9/9 levels left

rFire   . . .      SeeInvis .   Y - +1 war axe (vorpal)
rCold   + . .      Faith    .   s - +0 buckler
rNeg    . . .      Spirit   .   r - +0 chain mail
rPois   .          Reflect  .   j - +2 hat
rElec   .          Harm     .   (no cloak)
rCorr   .          Rampage  .   (no gloves)
Will    .....                   (boots unavailable)
Stlth   ..........              f - amulet of the acrobat
HPRegen 0.11/turn               m - ring of protection from cold
MPRegen 0.12/turn               (no ring)

@: flying quickly and evasively, quick
A: beak, talons 3, nimble flight
a: no special abilities


You were on level 4 of the Dungeon.
You visited 1 branch of the dungeon, and saw 4 of its levels.

You collected 190 gold pieces.


Innate Abilities, Weirdness & Mutations

You have a beak for a mouth.
You have claws for feet.
Your magical nature lets you fly swiftly and evasively.


   Skills:
 - Level 2.0 Fighting
 - Level 6.2 Axes
 - Level 1.0 Throwing
 + Level 1.9 Armour
 - Level 2.1 Dodging
 - Level 2.2 Shields
 - Level 2.0 Spellcasting
 - Level 2.4 Translocations


You had 9 spell levels left.
You didn't know any spells.
Your spell library contained the following spells:

 Spells                   Type           Power      Damage    Failure   Level
 Blink                    Tloc           14%        N/A       99%         2
 Gell's Gravitas          Tloc           7%         N/A       100%        3
 Lesser Beckoning         Tloc           7%         N/A       100%        3
 Teleport Other           Tloc           7%         N/A       100%        3
 Manifold Assault         Tloc           7%         N/A       100%        5

Inventory:

Hand Weapons
 a - a +0 whip
 Y - a +1 vorpal war axe (weapon)
Armour
 j - a +2 hat (worn)
 r - a +0 chain mail (worn)
 s - a +0 buckler (worn)
Jewellery
 f - an amulet of the acrobat (around neck)
 m - a ring of protection from cold (left hand)
Scrolls
 b - 2 scrolls of identify
 k - 3 scrolls of teleportation
Potions
 c - a potion of invisibility {unknown}
 d - a potion of curing {unknown}
 e - a potion of might
 g - a potion of degeneration {unknown}
 h - 2 potions of heal wounds
 n - a potion of flight {unknown}
 p - a potion of mutation {unknown}

Dungeon Overview and Level Annotations

Branches:
Dungeon (4/15)
 Temple: D:4-7

Altars:

Annotations:
D:3 2 transporters, qw's ghost, weakling TeWr


Message History

Enter note: A giant cockroach comes into view.
You see here a +1 sling of flaming.
3866 ||| Stepping ~*~*~tactically~*~*~ (stealth).
Throw: 3 javelins
Press: ? - help, Q - select action Shift-Dir - straight line, f - giant cockroach You throw a javelin.
The javelin completely misses the giant cockroach.
Throw: 2 javelins
Press: ? - help, Q - select action Shift-Dir - straight line, f/p - giant cockroach You throw a javelin.
The javelin pierces through the giant cockroach.
You kill the giant cockroach!
You see here a giant cockroach corpse.
i - 2 javelins (gained 1)
i - 3 javelins (gained 1)
You hear the slow rusting of a very distant drain.
An ogre comes into view. It is wielding a +0 giant club.
The ogre shouts!
Enter note: Throw: 3 javelins
Press: ? - help, Q - select action Shift-Dir - straight line, f - ogre You throw a javelin.
The javelin pierces through the ogre.
The ogre is moderately wounded.
Throw: 2 javelins
Press: ? - help, Q - select action Shift-Dir - straight line, f/p - ogre You throw a javelin.
The javelin closely misses the ogre.
Throw: javelin
Press: ? - help, Q - select action Shift-Dir - straight line, f/p - ogre You throw a javelin.
The javelin pierces through the ogre!
The ogre is heavily wounded.
You hit the ogre. Your kick misses the ogre.
The ogre is severely wounded.
The ogre hits you with a +0 giant club!!
Ouch! That really hurt!
You hit the ogre.
The ogre is almost dead.
The ogre hits you with a +0 giant club!!
Ouch! That really hurt!
You die...

..# ...## ....# # ....#
. #...# ..
..########...# #..
.............# # #..
#..O@.....###.#####..
#....................
.................# .....
(..#.........##..##.....
(. #.............#......
. #.##.................
#. #................. ..
#...%..........#.#
##.?..##..#...#


You could see an ogre.

Vanquished Creatures
  A necrophage (D:4)
  3 hounds
  5 adders
  A worm (D:3)
  2 dart slugs (D:3)
  An orc (D:3)
  8 ball pythons
  10 endoplasms
  4 giant cockroaches
  8 goblins
  6 hobgoblins
  7 jackals
  5 kobolds
  A quokka (D:3)
  4 bats
  3 frilled lizards
  3 rats
72 creatures vanquished.

Vanquished Creatures (others)
  25 plants
25 creatures vanquished.

Grand Total: 97 creatures vanquished

Notes
Turn   | Place    | Note
-------+----------+-------------------------------------------
     0 | D:1      | qw the Tengu Warper began the quest for the Orb.
     0 | D:1      | Reached XP level 1. HP: 12/12 MP: 4/4
     0 | D:1      | 0 ||| qw: Version: 0.1-a-89-g26bdef1
     0 | D:1      | 0 ||| qw: Game counter: 3518
     0 | D:1      | 0 ||| qw: Always use a shield: true
     0 | D:1      | 0 ||| qw: God list: Okawaru
     0 | D:1      | 0 ||| qw: Allow faded altars: false
     0 | D:1      | 0 ||| qw: Do Orc after D:15 true
     0 | D:1      | 0 ||| qw: Do second Lair branch before Depths: true
     0 | D:1      | 0 ||| qw: Lair rune preference: random
     0 | D:1      | 0 ||| qw: Plans: Normal
     0 | D:1      | 0 ||| PLANNING D:1-11
   124 | D:1      | 124 ||| Stepping ~*~*~tactically~*~*~ (stealth).
   127 | D:1      | 127 ||| Stepping ~*~*~tactically~*~*~ (stealth).
   128 | D:1      | 128 ||| Stepping ~*~*~tactically~*~*~ (stealth).
   158 | D:1      | 158 ||| Stepping ~*~*~tactically~*~*~ (stealth).
   312 | D:1      | Reached XP level 2. HP: 17/17 MP: 6/6
   317 | D:1      | Reached skill level 3 in Axes
   809 | D:1      | HP: 3/17 [jackal (2)]
  1158 | D:1      | 1158 ||| Stepping ~*~*~tactically~*~*~ (stealth).
  1161 | D:1      | 1161 ||| Stepping ~*~*~tactically~*~*~ (stealth).
  1165 | D:1      | Reached XP level 3. HP: 21/21 MP: 7/7
  1247 | D:1      | Found a faded altar of an unknown god.
  1521 | D:1      | Reached skill level 4 in Axes
  1604 | D:1      | 1604 ||| UPGRADING to +2 hat.
  1609 | D:1      | 1609 ||| UPGRADING to amulet of the acrobat.
  1614 | D:1      | 1614 ||| UPGRADING to ring of protection from cold.
  1615 | D:1      | 1615 ||| READING scroll labelled ZENLUTR JIAFEZ.
  1616 | D:1      | 1616 ||| READING scroll labelled HAEBLU MOPIPLE.
  1731 | D:1      | 1731 ||| READING 2 scrolls labelled CYPULOF ECLOSO.
  1734 | D:1      | 1734 ||| DRINKING 3 emerald potions.
  1779 | D:1      | 1779 ||| DRINKING 2 fizzy sapphire potions.
  1780 | D:1      | 1780 ||| DROPPING scroll of blinking.
  1781 | D:1      | 1781 ||| DROPPING 2 potions of lignification.
  1782 | D:1      | 1782 ||| DROPPING potion of magic.
  1799 | D:2      | 1799 ||| STAIRDANCE
  2109 | D:2      | 2109 ||| Stepping ~*~*~tactically~*~*~ (stealth).
  2111 | D:2      | 2111 ||| Stepping ~*~*~tactically~*~*~ (stealth).
  2119 | D:2      | Reached XP level 4. HP: 26/26 MP: 8/8
  2133 | D:2      | 2133 ||| Stepping ~*~*~tactically~*~*~ (stealth).
  2251 | D:2      | 2251 ||| Stepping ~*~*~tactically~*~*~ (stealth).
  2254 | D:2      | 2254 ||| Stepping ~*~*~tactically~*~*~ (stealth).
  2274 | D:2      | Reached skill level 5 in Axes
  2274 | D:2      | 2274 ||| FLEEEEING.
  2275 | D:2      | 2275 ||| FLEEEEING.
  2276 | D:2      | 2276 ||| FLEEEEING.
  2277 | D:2      | 2277 ||| FLEEEEING.
  2278 | D:2      | 2278 ||| FLEEEEING.
  2279 | D:2      | 2279 ||| FLEEEEING.
  2280 | D:2      | 2280 ||| FLEEEEING.
  2281 | D:2      | 2281 ||| FLEEEEING.
  2282 | D:2      | 2282 ||| FLEEEEING.
  2283 | D:2      | 2283 ||| FLEEEEING.
  2286 | D:2      | 2286 ||| FLEEEEING.
  2287 | D:2      | 2287 ||| FLEEEEING.
  2288 | D:2      | 2288 ||| FLEEEEING.
  2291 | D:2      | 2291 ||| FLEEEEING.
  2293 | D:2      | 2293 ||| FLEEEEING.
  2294 | D:2      | 2294 ||| FLEEEEING.
  2295 | D:2      | 2295 ||| FLEEEEING.
  2296 | D:2      | 2296 ||| FLEEEEING.
  2297 | D:2      | 2297 ||| FLEEEEING.
  2298 | D:2      | 2298 ||| FLEEEEING.
  2299 | D:2      | 2299 ||| FLEEEEING.
  2300 | D:2      | 2300 ||| FLEEEEING.
  2301 | D:2      | 2301 ||| FLEEEEING.
  2302 | D:2      | 2302 ||| FLEEEEING.
  2303 | D:2      | 2303 ||| FLEEEEING.
  2306 | D:2      | 2306 ||| FLEEEEING.
  2307 | D:2      | 2307 ||| FLEEEEING.
  2308 | D:2      | 2308 ||| FLEEEEING.
  2309 | D:2      | 2309 ||| FLEEEEING.
  2310 | D:2      | 2310 ||| FLEEEEING.
  2311 | D:2      | 2311 ||| FLEEEEING.
  2312 | D:2      | 2312 ||| FLEEEEING.
  2313 | D:2      | 2313 ||| FLEEEEING.
  2317 | D:2      | 2317 ||| STAIRDANCE
  2508 | D:1      | 2508 ||| UPGRADING to +0 ring mail.
  2518 | D:1      | 2518 ||| DROPPING +0 leather armour.
  2519 | D:1      | 2519 ||| READING scroll labelled CIZELL PINORO.
  2520 | D:1      | 2520 ||| READING scroll labelled CIH MIRPHEAG.
  2521 | D:1      | 2521 ||| READING scroll labelled NOMPOT HIURAUR.
  2637 | D:2      | 2637 ||| DROPPING +0 club.
  2833 | D:2      | 2833 ||| DRINKING 2 ruby potions.
  2834 | D:2      | 2834 ||| DRINKING 2 brown potions.
  2899 | D:3      | 2899 ||| Stepping ~*~*~tactically~*~*~ (stealth).
  2900 | D:3      | 2900 ||| Stepping ~*~*~tactically~*~*~ (stealth).
  2901 | D:3      | 2901 ||| Stepping ~*~*~tactically~*~*~ (stealth).
  2902 | D:3      | 2902 ||| Stepping ~*~*~tactically~*~*~ (stealth).
  3332 | D:3      | Gained mutation: Your magical nature lets you fly swiftly
                  | and evasively. [Tengu growth]
  3332 | D:3      | Reached XP level 5. HP: 30/30 MP: 9/9
  3418 | D:3      | Identified the +7 spear of the Scroll {elec, rPois Dex+3}
  3474 | D:3      | Found a transporter.
  3483 | D:3      | Found a transporter.
  3487 | D:3      | Noticed qw's ghost (weakling TeWr)
  3543 | D:3      | Noticed a centaur
  3638 | D:3      | 3638 ||| UPGRADING to +0 chain mail.
  3648 | D:3      | 3648 ||| DROPPING +0 ring mail.
  3649 | D:3      | 3649 ||| UPGRADING to +0 buckler.
  3654 | D:3      | 3654 ||| READING scroll labelled UKEANI UWUO.
  3654 | D:3      | Identified a scroll of acquirement
  3654 | D:3      | 3654 ||| ACQUIRING +1 vorpal war axe
  3654 | D:3      | Acquired a +1 vorpal war axe
  3656 | D:3      | 3656 ||| SWAPPING to +1 vorpal war axe.
  3657 | D:3      | 3657 ||| DROPPING +1 spectral hand axe.
  3658 | D:3      | 3658 ||| READING 2 scrolls labelled WIOMEE SAXU.
  3659 | D:3      | 3659 ||| READING scroll labelled GAPAUVAREARA.
  3660 | D:3      | 3660 ||| READING 2 scrolls of identify.
  3660 | D:3      | 3660 ||| IDENTIFYING sapphire potion
  3661 | D:3      | 3661 ||| DROPPING potion of attraction.
  3662 | D:3      | 3662 ||| DROPPING scroll of vulnerability.
  3679 | D:4      | 3679 ||| PLANNING SEWER
  3753 | D:4      | 3753 ||| Stepping ~*~*~tactically~*~*~ (stealth).
  3760 | D:4      | Reached skill level 6 in Axes
  3760 | D:4      | Reached XP level 6. HP: 32/35 MP: 10/10
  3866 | D:4      | 3866 ||| Stepping ~*~*~tactically~*~*~ (stealth).
  3892 | D:4      | Demolished by an ogre

Levels and vault maps discovered:
D:1:      erik_arrival_orb_chamber, layout_loops_ring, serial_bayou,
          serial_bayou_pond_c, serial_bayou_lake_a, serial_bayou_pond_d,
          serial_bayou_ford_a, shapermc_ecumenical_altar_flowoftime
D:2:      layout_basic, kennysheep_generic_room_12
D:3:      layout_loops_cross, gammafunk_ghost_gnarly_gnolls,
          lightli_corner_chamber
D:4:      layout_rooms, lightli_temple_of_fire, temple_doors_cd,
          portal_sewer_entry_b

Skill      XL: |  1  2  3  4  5 |
---------------+----------------+-----
Axes           | 3 4 5 6 |  6.2
Shields        | 2 |  2.2
Fighting       | |  2.0
Throwing       | |  1.0
Armour         | |  1.9
Dodging        | |  2.1
Spellcasting   | |  2.0
Translocations | |  2.4

Action                   |  1- 3 |  4- 6 || total
-------------------------+-------+-------++-------
Melee: Hand axe          |    89 |    59 ||   148
       Peck              |    14 |    13 ||    27
       Kick              |    18 |    23 ||    41
       War axe           |       |    26 ||    26
Throw: Boomerang         |     7 |     5 ||    12
       Javelin           |       |     6 ||     6
  Use: Scroll            |     3 |     7 ||    10
       Potion            |     2 |     2 ||     4
Armor: Leather armour    |    24 |     6 ||    30
       Ring mail         |       |     3 ||     3
       Chain mail        |       |     9 ||     9
Dodge: Dodged            |    61 |    44 ||   105
Block: Buckler           |       |     4 ||     4

Table legend:
 A = Non-vault XP
 B = Vault XP
 C = Vault XP percentage of total XP
 D = Non-vault monster count
 E = Vault monster count
 F = Vault count percentage of total count
                 A         B        C        D         E       F
            +---------+---------+-------+---------+---------+-------
      Total |     401 |       1 |   0.2 |      71 |       1 |   1.4
            +---------+---------+-------+---------+---------+-------
        D:1 |      72 |       0 |   0.0 |      28 |       0 |   0.0
        D:2 |      55 |       1 |   1.8 |      18 |       1 |   5.3
        D:3 |      91 |       0 |   0.0 |      18 |       0 |   0.0
        D:4 |     183 |       0 |   0.0 |       7 |       0 |   0.0
            +---------+---------+-------+---------+---------+-------
